 Dungeon Crawl Stone Soup version 0.19-a0-1193-g2641e52 (webtiles) character file.

130 kae the Ruffian (level 4, 0/35 HPs)
             Began as a Draconian Transmuter on Aug 19, 2016.
             Slain by a goblin
             ... wielding a +0 club
             ... led by Robin
              (3 damage)
             ... on level 3 of the Dungeon.
             The game lasted 00:04:52 (2840 turns).

kae the Ruffian (Draconian Transmuter)              Turns: 2840, Time: 00:04:53

Health: 0/35       AC:  5    Str: 13    XL:     4   Next: 90%
Magic:  7/7        EV: 12    Int: 13    God:
Gold:   106        SH:  0    Dex: 12    Spells: 3 memorised, 1 level left

rFire  . . .     SeeInvis +       - Unarmed
rCold  . . .     Gourm    .     (armour unavailable)
rNeg   . . .     Faith    +     (no shield)
rPois  .         Spirit   .     (helmet restricted)
rElec  .         Dismiss  .     (no cloak)
rCorr  .         Reflect  .     (no gloves)
MR     .....     Harm     .     (no boots)
Stlth  +.........               n - amulet of faith
                                o - ring of see invisible
                                h - ring of wizardry

@: no status effects
A: unfitting armour, cold-blooded, AC +5
a: no special abilities


You were on level 3 of the Dungeon.
You were not hungry.

You visited 1 branch of the dungeon, and saw 3 of its levels.

You collected 106 gold pieces.

Inventory:

Missiles
 a - 20 arrows
Jewellery
 h - a ring of wizardry (left hand)
 n - an amulet of faith (around neck)
 o - a ring of see invisible (right hand)
Scrolls
 e - 2 scrolls of remove curse
 j - 2 scrolls of enchant weapon
 k - a scroll of teleportation
Potions
 d - 4 potions of curing {unknown}
 i - a potion of flight {unknown}
 l - a potion of heal wounds {unknown}
 m - a potion of berserk rage {unknown}
Books
 b - a book of Changes

   Spells                             Type                      Level
   a - Beastly Appendage              Transmutation                1
   b - Sticks to Snakes               Transmutation                2
   c - Spider Form                    Transmutation/Poison         3
   d - Ice Form                       Ice/Transmutation            4
   e - Blade Hands                    Transmutation                5
Comestibles
 c - 5 bread rations
 f - a meat ration
 g - a slice of pizza


   Skills:
 - Level 1.1 Fighting
 - Level 2.1 Dodging
 * Level 4.9 Unarmed Combat
 - Level 2.0 Spellcasting
 + Level 3.0 Transmutations


You had one spell level left.
You knew the following spells:

 Your Spells              Type           Power        Failure   Level  Hunger
a - Beastly Appendage     Tmut           #.....       4%          1    ##.....
b - Sticks to Snakes      Tmut           #.......     4%          2    ###....
c - Spider Form           Tmut/Pois      #.........   16%         3    ####...


Dungeon Overview and Level Annotations

Branches:
Dungeon (3/15)

Altars:
Okawaru

Annotations:
D:3 Robin


Innate Abilities, Weirdness & Mutations

Your plain brown scales are hard. (AC +5)
Your body does not fit into most forms of armour.
You are cold-blooded and may be slowed by cold attacks.


Message History

Robin says, "My goblins will feast on your bones."
Robin closely misses you. Robin throws the goblin at you!
You completely miss the goblin. You tail-slap the goblin.
The goblin is heavily wounded.
The goblin closely misses you. x3
You punch the goblin!
You kill the goblin!
The hobgoblin hits you with a club.
* * * LOW HITPOINT WARNING * * *
The goblin barely misses you.
Robin laughs in a distinctly smug fashion.
Robin throws the goblin at you!
You see here a goblin corpse.
The goblin hits you with a club!
* * * LOW HITPOINT WARNING * * *
The goblin hits you but does no damage.
There is a stone staircase leading up here.
The goblin barely misses you. The goblin hits you with a club.
You die...

#..........#
#..........#
##.........##
#..........##
............#
#...........#
............#
..<......)..######
..).........g†gg@#
.......(....#.gg##
......(.......###
...((.)..######
...#..#### .>##.##
..##.# .###.#
.g...#


You could see Robin, 2 hobgoblins and 2 goblins.

Vanquished Creatures
  Ijyb (D:1)
  A gnoll (D:2)
  3 adders (D:2)
  An ooze (D:1)
  3 worms (D:2)
  A dart slug (D:2)
  A giant gecko (D:1)
  5 bats
  2 giant cockroaches (D:1)
  10 goblins
  6 hobgoblins
  4 jackals (D:1)
  5 kobolds
  A giant newt (D:1)
  8 rats
52 creatures vanquished.

Notes
Turn   | Place    | Note
-------+----------+-------------------------------------------
     0 | D:1      | kae the Draconian Transmuter began the quest for the Orb.
     0 | D:1      | Reached XP level 1. HP: 16/16 MP: 3/3
    90 | D:1      | Reached XP level 2. HP: 13/23 MP: 5/5
   776 | D:2      | Reached XP level 3. HP: 28/28 MP: 6/6
   810 | D:2      | Noticed Ijyb
   862 | D:1      | Killed Ijyb
   862 | D:1      | Reached skill level 4 in Unarmed Combat
   862 | D:1      | Reached XP level 4. HP: 13/35 MP: 7/7
  2423 | D:3      | Found an iron altar of Okawaru.
  2719 | D:3      | Learned a level 2 spell: Sticks to Snakes
  2723 | D:3      | Learned a level 3 spell: Spider Form
  2779 | D:3      | Noticed Robin
  2840 | D:3      | Slain by a goblin

Vault maps used:
D:1:      roderic_crossed_star, st_stairs_3
D:2:      grunt_ministairs_14, uniq_iyjb
D:3:      nicolae_overflow_hidden_temple, first_bread, uniq_robin

Skill      XL: |  1  2  3  4 |
---------------+-------------+-----
Dodging        | 2 |  2.1
Unarmed Combat | 4 |  4.9
Transmutations | 3 |  3.0
Fighting       | |  1.1
Spellcasting   | |  2.0

Action                   |  1- 3 |  4- 6 || total
-------------------------+-------+-------++-------
Melee: Unarmed           |   115 |    64 ||   179
       Tailslap          |    17 |     6 ||    23
       Headbutt          |     5 |     6 ||    11
       Punch             |     2 |     2 ||     4
       Kick              |     3 |     4 ||     7
 Cast: Beastly Appendage |     5 |     8 ||    13
  Use: Scroll            |     4 |     1 ||     5
 Stab: Sleeping          |       |     1 ||     1
  Eat: Chunk             |       |     6 ||     6
Armor: Skin              |    52 |    19 ||    71
Dodge: Dodged            |    85 |    51 ||   136
